3AAA
ELLENBURG FIGHTING DACHSUNDS @ SALT LAKE CITY BUZZ
09/16/2042
 
TOP OF THE 1ST
Ellenburg Fighting Dachsunds batting - Pitching for Salt Lake City Buzz : RHP Emerson Horton
Pitching: RHP Emerson Horton
Batting: LHB Tony Worley 0-0: Called Strike
0-1: Ball
1-1: Called Strike
1-2: Ball
2-2: Ball
3-2: SINGLE (Line Drive, 9LS, EV 86.2 MPH)
Batting: RHB Sze Qi 0-0: Swinging Strike
0-1: Ball
1-1: Swinging Strike
1-2: Strikes out swinging
Batting: LHB Javier Castro 0-0: Ball
1-0: Ball
2-0: Foul Ball, location: 2F
2-1: Swinging Strike
2-2: Ball
3-2: Foul Ball, location: 2F
3-2: Foul Ball, location: 2F
3-2: Strikes out swinging
Batting: LHB Mike Johnstone 0-0: Ball
1-0: Ball
2-0: Ball
3-0: Base on Balls
Tony Worley to second
Batting: RHB Jesús Méndez 0-0: Ball
1-0: Called Strike
1-1: Foul Ball, location: 2F
1-2: SINGLE (Line Drive, 7LM, EV 95.6 MPH)
Tony Worley to third
Mike Johnstone to second
Runner from 3rd tries for Home, SAFE, no throw by LF
Batting: RHB Jorge Japón 0-0: SINGLE (Groundball, 6MD, EV 102.5 MPH)
Mike Johnstone to third
Jesús Méndez to second
Batting: RHB Kent Potter 0-0: Called Strike
0-1: Foul Ball, location: 2F
0-2: SINGLE (Line Drive, 3D, EV 106.2 MPH)
Mike Johnstone scores
Jesús Méndez to third
Jorge Japón to second
Batting: LHB Larry Moore 0-0: Ball
1-0: Called Strike
1-1: SINGLE (Groundball, 6MD, EV 95.6 MPH)
Jesús Méndez scores
Jorge Japón to third
Kent Potter to second
Runner from 3rd tries for Home, SAFE, no throw by CF
Batting: RHB Alexander Conley 0-0: Called Strike
0-1: Foul Ball, location: 2F
0-2: Fly out, F7 (Flyball, 7S, EV 77.5 MPH)
Top of the 1st over - 4 runs, 5 hits, 0 errors, 2 left on base; Ellenburg 4 - Salt Lake City 0
BOTTOM OF THE 1ST
Salt Lake City Buzz batting - Pitching for Ellenburg Fighting Dachsunds : RHP Eric Manchester
Pitching: RHP Eric Manchester
Batting: SHB Oscar Henson 0-0: Swinging Strike
0-1: Ball
1-1: Ball
2-1: Swinging Strike
2-2: Strikes out swinging
Batting: LHB Doyle Berkey 0-0: Called Strike
0-1: Fly out, F8 (Flyball, 89M, EV 88.8 MPH)
Batting: LHB Ronald Lithgoe 0-0: Called Strike
0-1: Ball
1-1: Ball
2-1: Ground out 5-3 (Groundball, 56S, EV 84.4 MPH)
Bottom of the 1st over - 0 runs, 0 hits, 0 errors, 0 left on base; Ellenburg 4 - Salt Lake City 0
TOP OF THE 2ND
Ellenburg Fighting Dachsunds batting - Pitching for Salt Lake City Buzz : RHP Emerson Horton
Batting: LHB Tony Worley 0-0: Called Strike
0-1: Foul Ball, location: 2F
0-2: Foul Ball, location: 2F
0-2: Ball
1-2: Foul Ball, location: 2F
1-2: Ball
2-2: Foul Ball, location: 2F
2-2: Foul Ball, location: 2F
2-2: Ball
3-2: Strikes out looking
Batting: RHB Sze Qi 0-0: Ball
1-0: Foul Ball, location: 2F
1-1: Ball
2-1: Foul Ball, location: 2F
2-2: Ball
3-2: Base on Balls
Batting: LHB Javier Castro 0-0: Called Strike
0-1: Ball
1-1: Ball
2-1: Ball
3-1: 2-RUN HOME RUN (Line Drive, 9LD, EV 101.9 MPH), Distance : 364 ft
Pitching: RHP Chris Holmes
Batting: LHB Mike Johnstone 0-0: Ball
1-0: Foul Ball, location: 2F
1-1: Ball
2-1: Swinging Strike
2-2: Strikes out swinging
Batting: RHB Jesús Méndez 0-0: Ball
1-0: Ball
2-0: Called Strike
2-1: Ball
3-1: Ground out 5-3 (Groundball, 56S, EV 80.6 MPH)
Top of the 2nd over - 2 runs, 1 hit, 0 errors, 0 left on base; Ellenburg 6 - Salt Lake City 0
BOTTOM OF THE 2ND
Salt Lake City Buzz batting - Pitching for Ellenburg Fighting Dachsunds : RHP Eric Manchester
Batting: LHB Ricardo Águila 0-0: Ball
1-0: Called Strike
1-1: SINGLE (Groundball, 4D, EV 98.8 MPH)
Batting: RHB Fytor Ceia 0-0: Ball
1-0: Ball
2-0: Ball
3-0: Base on Balls
Ricardo Águila to second
Batting: RHB Jun-soo Yi 0-0: Grounds into double play, 5-4-3 (Groundball, 5, EV 88.1 MPH)
Ricardo Águila to third
Batting: LHB Josh Wiggins 0-0: Called Strike
0-1: Ball
1-1: Foul Ball, location: 2F
1-2: Foul Ball, location: 2F
1-2: Fly out, F5 (Line Drive, 6, EV 65.6 MPH)
Bottom of the 2nd over - 0 runs, 1 hit, 0 errors, 1 left on base; Ellenburg 6 - Salt Lake City 0
TOP OF THE 3RD
Ellenburg Fighting Dachsunds batting - Pitching for Salt Lake City Buzz : RHP Chris Holmes
Batting: RHB Jorge Japón 0-0: Ball
1-0: Ball
2-0: Ball
3-0: Base on Balls
Batting: RHB Kent Potter 0-0: Foul Ball, location: 2F
0-1: Foul Ball, location: 2F
0-2: Foul Ball, location: 2F
0-2: Ball
1-2: Grounds into double play, 5-4-3 (Groundball, 56S, EV 83.1 MPH)
Batting: LHB Larry Moore 0-0: Ground out 4-3 (Groundball, 4, EV 86.9 MPH)
Top of the 3rd over - 0 runs, 0 hits, 0 errors, 0 left on base; Ellenburg 6 - Salt Lake City 0
BOTTOM OF THE 3RD
Salt Lake City Buzz batting - Pitching for Ellenburg Fighting Dachsunds : RHP Eric Manchester
Batting: LHB Glenn Lockhart 0-0: Called Strike
0-1: Ball
1-1: Ball
2-1: Ball
3-1: Foul Ball, location: 2F
3-2: Strikes out swinging
Batting: RHB Mark Quaintance 0-0: Ball
1-0: Ball
2-0: Fly out, F9 (Flyball, 9D, EV 103.1 MPH)
Batting: SHB Oscar Henson 0-0: Foul Ball, location: 2F
0-1: Called Strike
0-2: Ball
1-2: DOUBLE (Line Drive, 78D, EV 111.2 MPH)
Batting: LHB Doyle Berkey 0-0: Called Strike
0-1: Ball
1-1: Ball
2-1: SINGLE (Line Drive, 6D, EV 100.0 MPH)
Oscar Henson to third
Runner from 3rd tries for Home, SAFE, no throw by CF
Batting: LHB Ronald Lithgoe 0-0: Called Strike
0-1: Ball
1-1: Ball
2-1: SINGLE (Groundball, 34D, EV 106.2 MPH) - runner OUT being hit by batted ball. (infield hit)
Bottom of the 3rd over - 1 run, 3 hits, 0 errors, 1 left on base; Ellenburg 6 - Salt Lake City 1
TOP OF THE 4TH
Ellenburg Fighting Dachsunds batting - Pitching for Salt Lake City Buzz : RHP Chris Holmes
Batting: RHB Alexander Conley 0-0: Called Strike
0-1: Ball
1-1: Ball
2-1: Ball
3-1: Base on Balls
Batting: LHB Tony Worley 0-0: Ball
1-0: Ball
2-0: Ball
3-0: Foul Ball, location: 2F
3-1: Base on Balls
Alexander Conley to second
Batting: RHB Sze Qi 0-0: Ball
1-0: Ball
2-0: Called Strike
2-1: Ball
3-1: Foul Ball, location: 2F
3-2: Base on Balls
Alexander Conley to third
Tony Worley to second
Batting: LHB Javier Castro 0-0: Ball
1-0: Ball
2-0: Foul Ball, location: 2F
2-1: Fielders Choice at 2nd, 3-6 (Groundball, 34S, EV 81.9 MPH)
Alexander Conley scores
Tony Worley to third
Batting: LHB Mike Johnstone 0-0: Ball
1-0: Ball
2-0: Ball
3-0: Called Strike
3-1: Base on Balls
Javier Castro to second
Batting: RHB Jesús Méndez 0-0: Called Strike
0-1: SINGLE (Groundball, 6, EV 103.1 MPH) (infield hit)
Tony Worley scores
Javier Castro to third
Mike Johnstone to second
Batting: RHB Jorge Japón 0-0: Ball
1-0: Swinging Strike
1-1: Grounds into fielders choice 1-2 (Groundball, 13, EV 73.8 MPH)
Mike Johnstone to third
Jesús Méndez to second
Batting: RHB Kent Potter 0-0: Ball
1-0: Ball
2-0: Called Strike
2-1: Ball
3-1: Called Strike
3-2: Foul Ball, location: 2F
3-2: Foul Ball, location: 2F
3-2: Base on Balls
Mike Johnstone scores
Jesús Méndez to third
Jorge Japón to second
Batting: LHB Larry Moore 0-0: Ball
1-0: Fielders Choice at 2nd, 5-4 (Groundball, 56, EV 85.0 MPH)
Top of the 4th over - 3 runs, 1 hit, 0 errors, 3 left on base; Ellenburg 9 - Salt Lake City 1
BOTTOM OF THE 4TH
Salt Lake City Buzz batting - Pitching for Ellenburg Fighting Dachsunds : RHP Eric Manchester
Batting: LHB Ricardo Águila 0-0: Called Strike
0-1: Ball
1-1: Called Strike
1-2: Ball
2-2: Fly out, F6 (Popup, 15, EV 75.6 MPH)
Batting: RHB Fytor Ceia 0-0: Called Strike
0-1: Foul Ball, location: 2F
0-2: Foul Ball, location: 2F
0-2: Ball
1-2: Reached on error, E5 (Groundball, 5, EV 105.6 MPH)
Batting: RHB Jun-soo Yi 0-0: Called Strike
0-1: Ball
1-1: Ball
2-1: Ball
3-1: SINGLE (Groundball, 6D, EV 103.8 MPH)
Fytor Ceia to second
Batting: LHB Josh Wiggins 0-0: Foul Ball, location: 2F
0-1: Ball
1-1: Ball
2-1: Fielders Choice at 2nd, 1-6 (Groundball, P, EV 69.4 MPH)
Fytor Ceia to third
Batting: LHB Glenn Lockhart 0-0: Called Strike
0-1: DOUBLE (Line Drive, 89XD, EV 104.4 MPH)
Fytor Ceia scores
Josh Wiggins to third
Runner from 3rd tries for Home, SAFE, throw by CF to trailing runner, SAFE at third!
Batting: RHB Mark Quaintance 0-0: Called Strike
0-1: Swinging Strike
0-2: Fly out, F5 (Line Drive, 5, EV 68.1 MPH)
Bottom of the 4th over - 2 runs, 2 hits, 1 error, 1 left on base; Ellenburg 9 - Salt Lake City 3
TOP OF THE 5TH
Ellenburg Fighting Dachsunds batting - Pitching for Salt Lake City Buzz : RHP Chris Holmes
Batting: RHB Alexander Conley 0-0: Ground out 2-3 (Groundball, 13S, EV 73.8 MPH)
Batting: LHB Tony Worley 0-0: Foul Ball, location: 2F
0-1: Ball
1-1: Ball
2-1: Ball
3-1: Foul Ball, location: 2F
3-2: Base on Balls
Pitching: RHP Rémi Ribeiro
Batting: RHB Sze Qi 0-0: Swinging Strike
Tony Worley steals 2nd base
0-1: Ball
1-1: Foul Ball, location: 2F
1-2: Ball
2-2: Ball
3-2: Foul Ball, location: 2F
3-2: Ground out 5-3 (Groundball, 56, EV 91.2 MPH)
Batting: LHB Javier Castro 0-0: Called Strike
0-1: Ball
1-1: Ball
2-1: Ground out 1-3 (Groundball, 25, EV 70.6 MPH)
Top of the 5th over - 0 runs, 0 hits, 0 errors, 1 left on base; Ellenburg 9 - Salt Lake City 3
BOTTOM OF THE 5TH
Salt Lake City Buzz batting - Pitching for Ellenburg Fighting Dachsunds : RHP Eric Manchester
Batting: SHB Oscar Henson 0-0: Ball
1-0: Called Strike
1-1: Foul Ball, location: 2F
1-2: Ball
2-2: Ball
3-2: SINGLE (Groundball, 4MD, EV 107.5 MPH)
Batting: LHB Doyle Berkey 0-0: Swinging Strike
0-1: Swinging Strike
0-2: Ball
1-2: Foul Ball, location: 2F
1-2: Ball
2-2: DOUBLE (Line Drive, 9LM, EV 97.5 MPH)
Oscar Henson to third
Runner from 3rd tries for Home, SAFE, throw by RF to trailing runner, OUT at third! 9-4-5
Batting: LHB Ronald Lithgoe 0-0: Fly out, F8 (Flyball, 8LS, EV 67.5 MPH)
Batting: LHB Ricardo Águila 0-0: Called Strike
0-1: Foul Ball, location: 2F
0-2: Ball
1-2: Ball
2-2: Ball
3-2: Strikes out swinging
Bottom of the 5th over - 1 run, 2 hits, 0 errors, 0 left on base; Ellenburg 9 - Salt Lake City 4
TOP OF THE 6TH
Ellenburg Fighting Dachsunds batting - Pitching for Salt Lake City Buzz : RHP Rémi Ribeiro
Batting: LHB Mike Johnstone 0-0: Ball
1-0: Called Strike
1-1: Foul Ball, location: 2F
1-2: Foul Ball, location: 2F
1-2: Ball
2-2: Foul Ball, location: 2F
2-2: Strikes out looking
Batting: RHB Jesús Méndez 0-0: Called Strike
0-1: Fly out, F7 (Flyball, 7LSF, EV 90.0 MPH)
Batting: RHB Jorge Japón 0-0: Ball
1-0: Ball
2-0: Called Strike
2-1: Swinging Strike
2-2: Ground out 4-3 (Groundball, 4, EV 79.4 MPH)
Top of the 6th over - 0 runs, 0 hits, 0 errors, 0 left on base; Ellenburg 9 - Salt Lake City 4
BOTTOM OF THE 6TH
Salt Lake City Buzz batting - Pitching for Ellenburg Fighting Dachsunds : RHP Eric Manchester
Batting: RHB Fytor Ceia 0-0: Ball
1-0: Called Strike
1-1: Ball
2-1: Foul Ball, location: 2F
2-2: Strikes out swinging
Batting: RHB Jun-soo Yi 0-0: Called Strike
0-1: Ball
1-1: Foul Ball, location: 2F
1-2: Fly out, F9 (Flyball, 9LM, EV 95.0 MPH)
Batting: LHB Josh Wiggins 0-0: Swinging Strike
0-1: Swinging Strike
0-2: Ball
1-2: Ball
2-2: Ball
3-2: Ground out 5-3 (Groundball, 56S, EV 85.6 MPH)
Bottom of the 6th over - 0 runs, 0 hits, 0 errors, 0 left on base; Ellenburg 9 - Salt Lake City 4
TOP OF THE 7TH
Ellenburg Fighting Dachsunds batting - Pitching for Salt Lake City Buzz : RHP Rémi Ribeiro
Batting: RHB Kent Potter 0-0: Foul Ball, location: 2F
0-1: Ball
1-1: Ball
2-1: Swinging Strike
2-2: Foul Ball, location: 2F
2-2: Ball
3-2: Fly out, F9 (Flyball, 9S, EV 81.2 MPH)
Batting: LHB Larry Moore 0-0: Ball
1-0: Ball
2-0: Ground out 6-3 (Groundball, 6, EV 110.0 MPH)
Batting: RHB Alexander Conley 0-0: Ball
1-0: Called Strike
1-1: Ball
2-1: Called Strike
2-2: Strikes out swinging
Top of the 7th over - 0 runs, 0 hits, 0 errors, 0 left on base; Ellenburg 9 - Salt Lake City 4
BOTTOM OF THE 7TH
Salt Lake City Buzz batting - Pitching for Ellenburg Fighting Dachsunds : RHP Eric Manchester
Pitching: LHP Tomás Alfonso
Batting: LHB Glenn Lockhart 0-0: Called Strike
0-1: Ground out U3 (Groundball, 34, EV 103.1 MPH)
Batting: RHB Mark Quaintance 0-0: Ball
1-0: Foul Ball, location: 2F
1-1: Ball
2-1: Ball
3-1: Swinging Strike
3-2: Strikes out swinging
Batting: SHB Oscar Henson 0-0: Called Strike
0-1: Ball
1-1: Ball
2-1: Called Strike
2-2: Foul Ball, location: 2F
2-2: Foul Ball, location: 2F
2-2: Ball
3-2: Base on Balls
Batting: LHB Doyle Berkey 0-0: Ball
Oscar Henson is caught stealing 2nd base 2-6
Bottom of the 7th over - 0 runs, 0 hits, 0 errors, 0 left on base; Ellenburg 9 - Salt Lake City 4
TOP OF THE 8TH
Ellenburg Fighting Dachsunds batting - Pitching for Salt Lake City Buzz : RHP Rémi Ribeiro
Batting: LHB Tony Worley 0-0: Foul Ball, location: 2F
0-1: Ball
1-1: Called Strike
1-2: Strikes out swinging
Batting: RHB Sze Qi 0-0: Ball
1-0: Fly out, F9 (Flyball, 9, EV 88.1 MPH)
Batting: LHB Javier Castro 0-0: Ball
1-0: Ball
2-0: Foul Ball, location: 2F
2-1: Ball
3-1: Foul Ball, location: 2F
3-2: SINGLE (Groundball, 56D, EV 100.6 MPH)
Pitching: RHP Dahab Kanda
Batting: LHB Mike Johnstone 0-0: Fly out, F7 (Flyball, 78M, EV 88.1 MPH)
Top of the 8th over - 0 runs, 1 hit, 0 errors, 1 left on base; Ellenburg 9 - Salt Lake City 4
BOTTOM OF THE 8TH
Salt Lake City Buzz batting - Pitching for Ellenburg Fighting Dachsunds : LHP Tomás Alfonso
Batting: LHB Doyle Berkey 0-0: Ball
1-0: Swinging Strike
1-1: Foul Ball, location: 2F
1-2: Fly out, F8 (Flyball, 8LS, EV 78.8 MPH)
Batting: LHB Ronald Lithgoe 0-0: Called Strike
0-1: Fly out, F3 (Line Drive, 3, EV 61.9 MPH)
Batting: LHB Ricardo Águila 0-0: Called Strike
0-1: Ball
1-1: Ball
2-1: Ball
3-1: Base on Balls
Pitching: RHP Joe Gorman
Batting: RHB Fytor Ceia 0-0: Called Strike
0-1: Ball
1-1: Foul Ball, location: 2F
1-2: DOUBLE (Line Drive, 89M, EV 109.4 MPH)
Ricardo Águila to third
Runner from 3rd tries for Home, throw by RF and OUT! 9-4-2
Bottom of the 8th over - 0 runs, 1 hit, 0 errors, 1 left on base; Ellenburg 9 - Salt Lake City 4
TOP OF THE 9TH
Ellenburg Fighting Dachsunds batting - Pitching for Salt Lake City Buzz : RHP Dahab Kanda
Batting: RHB Jesús Méndez 0-0: Fly out, F8 (Line Drive, 8RM, EV 96.9 MPH)
Batting: RHB Jorge Japón 0-0: Ball
1-0: Swinging Strike
1-1: Ball
2-1: Ball
3-1: Called Strike
3-2: Ground out 5-3 (Groundball, 56, EV 100.6 MPH)
Batting: RHB Kent Potter 0-0: Called Strike
0-1: Fly out, F7 (Flyball, 78M, EV 82.5 MPH)
Top of the 9th over - 0 runs, 0 hits, 0 errors, 0 left on base; Ellenburg 9 - Salt Lake City 4
BOTTOM OF THE 9TH
Salt Lake City Buzz batting - Pitching for Ellenburg Fighting Dachsunds : RHP Joe Gorman
Batting: RHB Jun-soo Yi 0-0: Ball
1-0: Ball
2-0: Ball
3-0: Swinging Strike
3-1: Base on Balls
Batting: LHB Josh Wiggins 0-0: Ball
1-0: Foul Ball, location: 2F
1-1: Ball
2-1: Grounds into double play, 6-4-3 (Groundball, 6, EV 88.8 MPH)
Batting: LHB Glenn Lockhart 0-0: Ball
1-0: Fly out, F9 (Line Drive, 9, EV 95.0 MPH)
Bottom of the 9th over - 0 runs, 0 hits, 0 errors, 0 left on base; Ellenburg 9 - Salt Lake City 4
Friday, March 26th, 2021 - OOTP Baseball 20.8 Build 74